 Dungeon Crawl Stone Soup version 0.18-a0-1683-gf9322e6 (webtiles) character file.

46 namelastname112 the Skirmisher (level 3, -3/49 HPs)
             Began as a Draconian Berserker on Apr 3, 2016.
             Was a Follower of Trog.
             Killed by divine providence
             ... invoked by an orc priest
              (17 damage)
             ... on level 3 of the Dungeon.
             The game lasted 00:01:13 (1245 turns).

namelastname112 the Skirmisher (DrBe)               Turns: 1245, Time: 00:01:14

Health: -3/49      AC: 21    Str: 19    XL:     3   Next: 46%
Magic:  3/3        EV:  2    Int:  7    God:    Trog [*.....]
Gold:   107        SH:  0    Dex: 11    Spells: 0 memorised, 2 levels left

rFire  . . .     SeeInvis .     a - +0 falchion
rCold  . . .     Gourm    .     (armour unavailable)
rNeg   + + +     Faith    .     (no shield)
rPois  +         Spirit   .     (helmet currently unavailable)
rElec  .         Dismiss  .     (cloak currently unavailable)
rCorr  .         Reflect  .     (gloves currently unavailable)
SustAt .         Harm     .     (boots currently unavailable)
MR     ++...     NoTele   +     (no amulet)
Stlth  +.........               (no ring)
                                (no ring)

@: exhausted, tree-form, regenerating, slowed, very slow, very resistant to
hostile enchantments, very unstealthy
A: unfitting armour, (cold-blooded), AC +5
a: Berserk, Burn Spellbooks, Renounce Religion


You were on level 3 of the Dungeon.
You worshipped Trog.
Trog was aware of your devotion.
You were not hungry.
You were a tree.
You visited 1 branch of the dungeon, and saw 3 of its levels.

You collected 107 gold pieces.

Inventory:

Hand Weapons
 a - a +0 falchion (weapon)
Scrolls
 c - 3 scrolls of random uselessness {unknown}
 e - a scroll of enchant weapon {unknown}
 g - a scroll of identify {unknown}
Potions
 d - a potion of lignification
 f - a potion of heal wounds {unknown}
Comestibles
 b - a bread ration


   Skills:
 + Level 4.0 Fighting
 * Level 3.8 Long Blades
 + Level 3.0 Dodging


You had 2 spell levels left.
You didn't know any spells.

Dungeon Overview and Level Annotations

Branches:
Dungeon (2/15)

Altars:
Dithmenos


Innate Abilities, Weirdness & Mutations

((Your plain brown scales are hard (AC +5).))
Your body does not fit into most forms of armour.
((You are cold-blooded and may be slowed by cold attacks.))


Message History

The orc priest hits you but does no damage.
You barely miss the orc priest.
The orc priest is moderately wounded.
The quokka bites you.
* * * LOW HITPOINT WARNING * * *
The orc hits you but does no damage. The orc priest hits you with a flail.
* * * LOW HITPOINT WARNING * * *
The quokka bites you but does no damage.
The orc hits you but does no damage.
You closely miss the orc priest.
The orc priest is moderately wounded.
The quokka bites you but does no damage.
The orc priest hits you but does no damage.
The orc barely misses you.
The quokka bites you but does no damage.
You hit the orc priest.
The orc priest is severely wounded.
The orc priest invokes the aid of Beogh against you.
Beogh smites you!
You die...

###. ..# .....
..# .... ...
#..###.. # .
#..#..# .#
..##.....##..##
...............
#....o†r..#
##...o♣..##
#....††...#
...............
..##.....##..##
. #..#..# #.#
..###.. ..# ...
.. .# ###. ..#


You could see an orc priest, an orc and a quokka.

Vanquished Creatures
  A gnoll (D:1)
  An adder (D:3)
  An ooze (D:3)
  An orc (D:3)
  3 bats
  A giant cockroach (D:1)
  5 goblins (D:1)
  3 hobgoblins
  A kobold (D:1)
  3 giant newts
  2 rats (D:1)
22 creatures vanquished.

Notes
Turn   | Place    | Note
--------------------------------------------------------------
     0 | D:1      | namelastname112 the Draconian Berserker began the quest for the Orb.
     0 | D:1      | Reached XP level 1. HP: 19/19 MP: 1/1
   178 | D:1      | Reached XP level 2. HP: 2/27 MP: 2/2
  1215 | D:2      | You fall through a shaft!
  1215 | D:3      | Found a shadowy altar of Dithmenos.
  1223 | D:3      | Reached XP level 3. HP: 33/33 MP: 3/3
  1231 | D:3      | Reached skill level 4 in Fighting
  1232 | D:3      | Reached ** piety under Trog
  1245 | D:3      | Killed from afar by an orc priest

Vault maps used:
D:1:      zelgadis_glass_arrival_small
D:3:      ashenzari_altar_1, gammafunk_temple_overflow_statue,
          nicolae_dithmenos_shadow_blocks

Skill      XL: |  1  2  3 |
---------------+----------+-----
Fighting       | 4 |  4.0
Dodging        | 3 |  3.0
Long Blades    | |  3.8

Action                   || total
-------------------------++-------
Melee: Falchion          ||    81
Invok: Berserk           ||     2
       Trog's Hand       ||     1
  Use: Potion            ||     1
 Stab: Sleeping          ||     2
  Eat: Chunk             ||     1
       Bread ration      ||     1
